 Dungeon Crawl Stone Soup version 0.19.4-8-ga85b6b9 (webtiles) character file.

686 protoss039 the Cudgeler (level 7, 0/44 HPs)
             Began as a Gargoyle Fighter on Feb 7, 2017.
             Slain by a mummy (13 damage)
             ... in an ossuary.
             The game lasted 00:10:15 (2663 turns).

protoss039 the Cudgeler (Gargoyle Fighter)          Turns: 2663, Time: 00:10:16

Health: 0/44       AC: 15    Str: 22    XL:     7   Next: 62%
Magic:  7/7        EV:  7    Int:  8    God:
Gold:   165        SH: 10    Dex:  9    Spells: 0 memorised, 6 levels left

rFire  . . .     SeeInvis .     a - +0 flail
rCold  . . .     Gourm    .     b - +1 scale mail
rNeg   + . .     Faith    .     c - +0 shield
rPois  ∞         Spirit   .     q - +0 helmet
rElec  +         Reflect  .     (no cloak)
rCorr  .         Harm     .     j - +0 pair of gloves
MR     .....                    (no boots)
Stlth  ..........               (no amulet)
                                (no ring)
                                (no ring)

@: no status effects
A: negative energy resistance 1, electricity resistance, unbreathing,
petrification resistance, rot immunity, AC +4
a: no special abilities


You were in an ossuary.
You were not hungry.

You visited 1 branch of the dungeon, and saw 4 of its levels.
You also visited: Ossuary.

You collected 165 gold pieces.

Inventory:

Hand Weapons
 a - a +0 flail (weapon)
 w - a +2 flail of protection
Armour
 b - a +1 scale mail (worn)
 c - a +0 shield (worn)
 j - a +0 pair of gloves (worn)
 q - a +0 helmet (worn)
 s - a +0 pair of boots
Wands
 u - a wand of polymorph (10/24)
Scrolls
 k - a scroll of enchant armour
 o - a scroll of remove curse
Potions
 d - a potion of might
 g - a potion of lignification {unknown}
 i - a potion of berserk rage {unknown}
 l - a potion of curing
 m - a potion of flight
 r - 2 potions of heal wounds {unknown}
 v - a potion of ambrosia {unknown}
Comestibles
 f - 2 bread rations
 h - a beef jerky
 n - a chunk of flesh
 p - a meat ration
 t - 3 fruits
 x - a slice of pizza


   Skills:
 + Level 4.7 Fighting
 + Level 5.8 Maces & Flails
 + Level 4.5 Armour
 + Level 5.5 Shields
 + Level 0.2 Unarmed Combat


You had 6 spell levels left.
You didn't know any spells.

Dungeon Overview and Level Annotations

Branches:
Dungeon (4/15)
 Temple: D:4-7

Altars:
Nemelex Xobeh
Xom
Zin


Innate Abilities, Weirdness & Mutations

You are resistant to torment.
Your stone body is resilient. (AC +4)
You are immune to poison.
You resist negative energy. (rN+)
You are resistant to electric shocks. (rElec)
You can survive without breathing.
You are immune to petrification.
You are immune to rotting.


Message History

The mummy hits you but does no damage.
You hit the mummy.
The mummy is severely damaged.
The mummy hits you but does no damage.
You hit the mummy.
The mummy is almost destroyed.
Unknown command.
Unknown command.
You hit the mummy but do no damage.
The mummy is almost destroyed.
The mummy hits you.
You hit the mummy but do no damage.
The mummy is almost destroyed.
The mummy hits you.
* * * LOW HITPOINT WARNING * * *
Unknown command.
You hit the mummy but do no damage.
The mummy is almost destroyed.
The mummy hits you!
You die...

+.## ##.....##
#..###.......##
+...#.........#
#...'....⌠....+
+...#.........#
#..###.......##
+.## ##.....##
#. ###M### #.
#@# ?! ##.## .M
#.∩.# ### #.∩.#
#####


You could see a mummy.

Vanquished Creatures
  Sigmund (D:4)
  Edmund (D:4)
  An ogre (D:4)
  A centaur zombie (Ossuary)
  3 orc wizards (D:4)
  2 worker ants (D:4)
  Ijyb (D:2)
  4 mummies (Ossuary)
  An adder (D:4)
  2 oozes
  2 dart slugs
  A leopard gecko (D:2)
  7 orcs
  A giant cockroach (D:2)
  7 goblins
  2 hobgoblins
  7 jackals (D:1)
  5 kobolds
  A quokka (D:2)
  A ball python (D:2)
  10 bats
  4 frilled lizards
  12 rats
77 creatures vanquished.

Notes
Turn   | Place    | Note
-------+----------+-------------------------------------------
     0 | D:1      | protoss039 the Gargoyle Fighter began the quest for the Orb.
     0 | D:1      | Reached XP level 1. HP: 14/14 MP: 1/1
   147 | D:1      | Reached XP level 2. HP: 19/19 MP: 2/2
   284 | D:1      | Reached XP level 3. HP: 23/23 MP: 3/3
   793 | D:2      | Found a shimmering altar of Xom.
   793 | D:2      | Noticed an angel
   805 | D:2      | Found a glowing silver altar of Zin.
  1063 | D:2      | Noticed Ijyb
  1081 | D:2      | Killed Ijyb
  1081 | D:2      | Reached XP level 4. HP: 13/29 MP: 4/4
  1254 | D:2      | Found a sparkling altar of Nemelex Xobeh.
  2121 | D:4      | Reached XP level 5. HP: 29/33 MP: 5/5
  2211 | D:4      | Noticed Sigmund
  2240 | D:4      | Killed Sigmund
  2240 | D:4      | Reached skill level 5 in Shields
  2240 | D:4      | Reached XP level 6. HP: 24/38 MP: 6/6
  2264 | D:4      | Noticed Edmund
  2291 | D:4      | Killed Edmund
  2291 | D:4      | Reached skill level 5 in Maces & Flails
  2291 | D:4      | Reached XP level 7. HP: 21/44 MP: 7/7
  2470 | D:4      | Found a sand-covered staircase.
  2480 | Ossuary  | Entered an ossuary
  2663 | Ossuary  | Slain by a mummy

Skill      XL: |  1  2  3  4  5  6 |
---------------+-------------------+-----
Maces & Flails | 3 4 5 |  5.8
Shields        | 4 5 |  5.5
Fighting       | 4 |  4.7
Armour         | 4 |  4.5
Unarmed Combat | |  0.2

Action                   |  1- 3 |  4- 6 |  7- 9 || total
-------------------------+-------+-------+-------++-------
Melee: Flail             |   153 |   121 |    79 ||   353
       Unarmed           |       |     1 |       ||     1
  Use: Scroll            |       |     4 |     1 ||     5
       Potion            |       |     2 |       ||     2
  Eat: Chunk             |     1 |     3 |     2 ||     6
Armor: Scale mail        |    90 |    68 |    31 ||   189
       Skin              |       |     1 |       ||     1
Dodge: Dodged            |    62 |    39 |    15 ||   116
Block: Shield            |    85 |    72 |    32 ||   189
